General information
- name: BNet
- type: Ladder team game (AT/RT)
- host: Battle.net
- saver: Shaq_Fu
map: Mur'gulOasis
- players: 8
- length: 43:17
- speed: Fast
- version: 1.28 W3XP
- replay type: Public
» download(394 KB)
Players
team 1 (loser)

»
TheOne&Only (
red | 85 APM | 2092 actions | 24:32)
5 Death Knight
3 Death Coil
1 Unholy Aura
1 Death Pact
4 Lich
2 Frost Nova
2 Frost Armor
» actions
| Assign group hotkey | 4 | |
| Basic commands | 1 | |
| Build / train | 58 | |
| ESC pressed | 1 | |
| Enter build submenu | 28 | |
| Enter hero's abilities submenu | 9 | |
| Give item / drop item | 1 | |
| Right click | 1385 | |
| Select / deselect | 372 | |
| Select group hotkey | 137 | |
| Use ability | 96 | |
2092 total
» units
| Acolyte | 3 | |
| Ghoul | 3 | |
| Crypt Fiend | 13 | |
| Frost Wyrm | 5 | |
| Wisp | 2 | |
26 total
» upgrades
| Creature Attack | 2 | |
| Creature Carapace | 1 | |
| Web | 1 | |
| Burrow | 1 | |
| Freezing Breath | 1 | |
6 total
» buildings
| Crypt | 1 | |
| Graveyard | 1 | |
| Altar of Darkness | 1 | |
| Ziggurat | 18 | |
| Tomb of Relics | 1 | |
| Halls of the Dead | 1 | |
| Black Citadel | 2 | |
| Sacrificial Pit | 1 | |
| Boneyard | 1 | |
| Spirit Tower | 5 | |
| Tree of Life | 1 | |
33 total
» build order
00:06 Crypt
00:08 Graveyard
00:47 Altar of Darkness
00:59 Ziggurat
01:24 Tomb of Relics
02:03 Ziggurat
04:30 Halls of the Dead
05:06 Ziggurat
05:24 Ziggurat
06:55 Black Citadel
06:55 Black Citadel
07:48 Sacrificial Pit
08:44 Ziggurat
09:20 Boneyard
10:40 Spirit Tower
10:43 Spirit Tower
12:31 Ziggurat
12:32 Ziggurat
13:01 Tree of Life
15:43 Ziggurat
17:03 Ziggurat
17:05 Ziggurat
18:00 Ziggurat
18:52 Spirit Tower
18:56 Ziggurat
20:40 Ziggurat
20:43 Ziggurat
20:48 Ziggurat
20:49 Ziggurat
20:51 Ziggurat
20:53 Ziggurat
21:34 Spirit Tower
21:37 Spirit Tower
» items
| Rod of Necromancy | 3 | |
| Orb of Corruption | 2 | |
| Scroll of Town Portal | 1 | |
6 total
Trapezium (
blue | 119 APM | 5143 actions | 43:15)
8 Blademaster
3 Wind Walk
3 Critical Strike
1 Bladestorm
1 Mirror Image
7 Shadow Hunter
3 Hex
3 Healing Wave
1 Big Bad Voodoo
» actions
| Assign group hotkey | 134 | |
| Basic commands | 155 | |
| Build / train | 169 | |
| ESC pressed | 4 | |
| Enter build submenu | 48 | |
| Enter hero's abilities submenu | 15 | |
| Give item / drop item | 5 | |
| Remove unit from queue | 2 | |
| Right click | 1684 | |
| Select / deselect | 840 | |
| Select group hotkey | 1787 | |
| Use ability | 300 | |
5143 total
» units
| Peon | 9 | |
| Grunt | 7 | |
| Wind Rider | 1 | |
| Troll Headhunter/Berserker | 14 | |
| Kodo Beast | 1 | |
| Spirit Walker | 4 | |
| Troll Witch Doctor | 5 | |
| Demolisher | 3 | |
| Raider | 4 | |
| Shaman | 4 | |
| Tauren | 3 | |
55 total
» upgrades
| Berserker Strength | 1 | |
| Melee Weapons | 3 | |
| Reinforced Defenses | 1 | |
| Pillage | 1 | |
| Ranged Weapons | 3 | |
| Berserker Upgrade | 1 | |
| Envenomed Spears | 2 | |
| War Drums Damage Increase | 1 | |
| Armor | 3 | |
| Ensnare | 1 | |
| Troll Regeneration | 1 | |
| Witch Doctor Training | 3 | |
| Spirit Walker Training | 2 | |
| Shaman Training | 2 | |
| Spiked Barricades | 2 | |
| Burning Oil | 1 | |
| Pulverize | 1 | |
29 total
» buildings
| Orc Burrow | 9 | |
| Altar of Storms | 1 | |
| Barracks | 1 | |
| Voodoo Lounge | 4 | |
| Stronghold | 2 | |
| War Mill | 1 | |
| Fortress | 2 | |
| Watch Tower | 11 | |
| Beastiary | 2 | |
| Spirit Lodge | 2 | |
| Great Hall | 2 | |
| Tauren Totem | 1 | |
38 total
» build order
00:07 Orc Burrow
00:51 Altar of Storms
00:55 Barracks
01:17 Orc Burrow
02:04 Voodoo Lounge
02:09 Orc Burrow
03:13 Stronghold
04:11 War Mill
05:48 Fortress
05:48 Fortress
06:10 Watch Tower
06:14 Watch Tower
07:30 Beastiary
07:32 Beastiary
07:36 Watch Tower
08:42 Orc Burrow
08:52 Orc Burrow
12:14 Watch Tower
13:53 Spirit Lodge
13:58 Great Hall
14:01 Watch Tower
14:02 Watch Tower
14:05 Watch Tower
15:06 Voodoo Lounge
15:08 Voodoo Lounge
15:14 Watch Tower
15:15 Voodoo Lounge
15:55 Watch Tower
16:15 Watch Tower
17:10 Watch Tower
17:14 Orc Burrow
20:36 Spirit Lodge
24:15 Orc Burrow
26:51 Tauren Totem
31:14 Orc Burrow
31:50 Orc Burrow
36:06 Great Hall
» items
| Healing Salve | 10 | |
| Lesser Clarity Potion | 6 | |
| Orb of Lightning | 2 | |
| Scroll of Town Portal | 4 | |
| Potion of Healing | 1 | |
| Periapt of Vitality | 1 | |
| Circlet of Nobility | 1 | |
| Boots of Speed | 1 | |
| Scroll of Protection | 1 | |
27 total

»
SAINT_SEIYA (
green | 46 APM | 1155 actions | 24:52)
6 Death Knight
3 Death Coil
2 Unholy Aura
1 Animate Dead
» actions
| Assign group hotkey | 17 | |
| Basic commands | 68 | |
| Build / train | 73 | |
| Enter build submenu | 18 | |
| Enter hero's abilities submenu | 6 | |
| Give item / drop item | 1 | |
| Remove unit from queue | 3 | |
| Right click | 559 | |
| Select / deselect | 255 | |
| Select group hotkey | 72 | |
| Use ability | 83 | |
1155 total
» units
| Acolyte | 4 | |
| Ghoul | 15 | |
| Crypt Fiend | 10 | |
| Frost Wyrm | 9 | |
38 total
» upgrades
| Cannibalize | 1 | |
| Web | 1 | |
| Burrow | 1 | |
| Freezing Breath | 1 | |
4 total
» buildings
| Altar of Darkness | 1 | |
| Ziggurat | 8 | |
| Crypt | 2 | |
| Tomb of Relics | 1 | |
| Graveyard | 1 | |
| Halls of the Dead | 1 | |
| Black Citadel | 1 | |
| Sacrificial Pit | 1 | |
| Boneyard | 2 | |
| Nerubian Tower | 1 | |
| Spirit Tower | 3 | |
22 total
» build order
00:15 Altar of Darkness
00:18 Ziggurat
01:04 Crypt
01:08 Crypt
01:27 Ziggurat
02:35 Tomb of Relics
02:51 Graveyard
03:17 Ziggurat
05:00 Ziggurat
05:41 Halls of the Dead
07:04 Ziggurat
08:13 Black Citadel
08:18 Sacrificial Pit
09:33 Ziggurat
09:58 Ziggurat
11:12 Boneyard
11:14 Boneyard
14:22 Nerubian Tower
16:29 Ziggurat
19:07 Spirit Tower
19:09 Spirit Tower
20:48 Spirit Tower
» items
| Rod of Necromancy | 2 | |
| Potion of Healing | 6 | |
| Scroll of Town Portal | 4 | |
| Orb of Lightning | 2 | |
| Dust of Appearance | 1 | |
15 total
whateverk (
orange | 73 APM | 819 actions | 11:13)
2 Priestess of the Moon
1 Searing Arrows
1 Trueshot Aura
1 Keeper of the Grove
1 Entangling Roots
» actions
| Assign group hotkey | 28 | |
| Basic commands | 1 | |
| Build / train | 45 | |
| Enter build submenu | 17 | |
| Enter hero's abilities submenu | 3 | |
| Remove unit from queue | 1 | |
| Right click | 512 | |
| Select / deselect | 149 | |
| Select group hotkey | 41 | |
| Use ability | 22 | |
819 total
» units
| Wisp | 17 | |
| Archer | 14 | |
| Hippogryph | 2 | |
33 total
» upgrades
| Improved Bows | 1 | |
| Strength of the Moon | 1 | |
| Hippogryph Taming | 1 | |
3 total
» buildings
| Altar of Elders | 1 | |
| Ancient of War | 2 | |
| Moon Well | 7 | |
| Ancient of Wonders | 1 | |
| Tree of Ages | 1 | |
| Hunter's Hall | 1 | |
| Ancient of Wind | 2 | |
| Ancient Protector | 2 | |
17 total
» build order
00:08 Altar of Elders
00:09 Ancient of War
00:26 Moon Well
01:39 Moon Well
02:01 Ancient of Wonders
02:27 Moon Well
03:03 Moon Well
04:19 Moon Well
04:41 Tree of Ages
05:16 Moon Well
06:12 Hunter's Hall
07:06 Ancient of Wind
07:07 Ancient of Wind
07:24 Ancient Protector
08:52 Ancient of War
09:29 Ancient Protector
09:35 Moon Well
team 2 (winner)
Morp (
pink | 45 APM | 1878 actions | 42:00)
3 Death Knight
2 Death Coil
1 Unholy Aura
2 Lich
1 Frost Nova
1 Frost Armor
» actions
| Assign group hotkey | 7 | |
| Basic commands | 24 | |
| Build / train | 79 | |
| Enter build submenu | 23 | |
| Enter hero's abilities submenu | 5 | |
| Give item / drop item | 5 | |
| Right click | 1237 | |
| Select / deselect | 418 | |
| Select group hotkey | 7 | |
| Use ability | 73 | |
1878 total
» units
| Acolyte | 12 | |
| Ghoul | 2 | |
| Crypt Fiend | 10 | |
| Obsidian Statue | 4 | |
| Abomination | 8 | |
| Meatwagon | 6 | |
42 total
» upgrades
| Web | 1 | |
| Disease Cloud | 1 | |
| Creature Attack | 1 | |
3 total
» buildings
| Graveyard | 2 | |
| Crypt | 1 | |
| Altar of Darkness | 1 | |
| Ziggurat | 11 | |
| Tomb of Relics | 1 | |
| Nerubian Tower | 3 | |
| Halls of the Dead | 2 | |
| Black Citadel | 1 | |
| Slaughterhouse | 1 | |
| Spirit Tower | 8 | |
| Sacrificial Pit | 1 | |
| Tree of Life | 1 | |
33 total
» build order
00:19 Graveyard
00:24 Crypt
00:47 Altar of Darkness
01:06 Ziggurat
01:29 Ziggurat
01:53 Tomb of Relics
02:32 Nerubian Tower
02:49 Nerubian Tower
03:26 Halls of the Dead
03:26 Halls of the Dead
05:01 Ziggurat
06:08 Black Citadel
08:05 Slaughterhouse
11:44 Spirit Tower
12:31 Ziggurat
12:43 Ziggurat
12:58 Ziggurat
13:27 Spirit Tower
13:34 Spirit Tower
13:52 Spirit Tower
13:57 Ziggurat
15:14 Spirit Tower
15:14 Spirit Tower
15:40 Sacrificial Pit
21:51 Ziggurat
22:01 Ziggurat
22:46 Ziggurat
22:47 Spirit Tower
22:51 Spirit Tower
23:48 Nerubian Tower
25:24 Graveyard
32:01 Ziggurat
38:07 Tree of Life
» items
| Rod of Necromancy | 1 | |
| Dust of Appearance | 1 | |
| Potion of Healing | 3 | |
| Potion of Lesser Invulnerability | 1 | |
| Staff of Teleportation | 1 | |
| Scroll of Town Portal | 2 | |
| Scroll of Healing | 1 | |
| Orb of Corruption | 2 | |
12 total
Shaq_Fu (
purple | 42 APM | 1826 actions | 43:17)
8 Archmage
3 Summon Water Elemental
3 Brilliance Aura
1 Mass Teleport
1 Blizzard
» actions
| Assign group hotkey | 45 | |
| Basic commands | 187 | |
| Build / train | 97 | |
| Enter build submenu | 57 | |
| Enter hero's abilities submenu | 8 | |
| Give item / drop item | 5 | |
| Right click | 643 | |
| Select / deselect | 460 | |
| Select group hotkey | 167 | |
| Use ability | 157 | |
1826 total
» units
| Peasant | 12 | |
| Footman | 4 | |
| Gryphon Rider | 12 | |
28 total
» upgrades
| Lumber Harvesting | 2 | |
| Animal War Training | 1 | |
| Swords | 3 | |
| Armor | 3 | |
| Storm Hammers | 1 | |
| Masonry | 3 | |
| Cloud | 1 | |
| Gunpowder | 3 | |
| Plating | 3 | |
| Flak Cannons | 1 | |
| Fragmentation Shards | 1 | |
| Flying Machine Bombs | 1 | |
| Flare | 1 | |
| Barrage | 1 | |
25 total
» buildings
| Altar of Kings | 1 | |
| Barracks | 2 | |
| Farm | 8 | |
| Scout Tower | 36 | |
| Keep | 1 | |
| Arcane Tower | 1 | |
| Lumber Mill | 2 | |
| Arcane Vault | 3 | |
| Castle | 1 | |
| Guard Tower | 13 | |
| Gryphon Aviary | 3 | |
| Blacksmith | 2 | |
| Town Hall | 2 | |
| Workshop | 3 | |
78 total
» build order
00:50 Altar of Kings
00:51 Barracks
00:55 Barracks
00:57 Farm
01:00 Farm
01:02 Farm
01:04 Farm
01:34 Farm
03:04 Scout Tower
03:35 Keep
03:37 Arcane Tower
04:15 Lumber Mill
04:52 Arcane Vault
06:10 Castle
06:30 Scout Tower
06:30 Scout Tower
06:31 Scout Tower
06:31 Scout Tower
06:53 Guard Tower
06:56 Guard Tower
07:00 Guard Tower
07:13 Guard Tower
07:39 Gryphon Aviary
07:39 Gryphon Aviary
07:40 Gryphon Aviary
08:45 Farm
08:47 Farm
08:52 Blacksmith
08:55 Blacksmith
09:29 Farm
15:03 Town Hall
15:05 Scout Tower
15:05 Scout Tower
15:06 Scout Tower
15:07 Scout Tower
15:16 Scout Tower
15:17 Scout Tower
15:19 Scout Tower
15:20 Scout Tower
15:23 Arcane Vault
15:27 Scout Tower
15:30 Scout Tower
15:34 Guard Tower
15:47 Guard Tower
15:59 Guard Tower
16:07 Guard Tower
16:39 Guard Tower
17:33 Scout Tower
17:33 Scout Tower
17:34 Scout Tower
17:34 Scout Tower
17:37 Scout Tower
18:08 Guard Tower
20:29 Scout Tower
20:34 Scout Tower
20:34 Scout Tower
20:36 Scout Tower
20:39 Scout Tower
24:58 Guard Tower
25:22 Guard Tower
27:56 Town Hall
27:59 Scout Tower
27:59 Scout Tower
28:00 Scout Tower
28:00 Scout Tower
28:02 Scout Tower
28:02 Scout Tower
28:03 Scout Tower
28:03 Scout Tower
28:05 Scout Tower
28:06 Scout Tower
28:08 Scout Tower
28:10 Arcane Vault
28:25 Workshop
28:25 Workshop
28:26 Workshop
28:30 Lumber Mill
30:20 Guard Tower
» items
| Scroll of Regeneration | 5 | |
| Ivory Tower | 4 | |
| Staff of Sanctuary | 1 | |
| Mechanical Critter | 2 | |
| Scroll of Town Portal | 4 | |
| Potion of Healing | 3 | |
19 total
PS4-PWN-PC (
teal | 45 APM | 1943 actions | 43:15)
4 Blademaster
2 Wind Walk
2 Critical Strike
» actions
| Assign group hotkey | 23 | |
| Basic commands | 21 | |
| Build / train | 77 | |
| Enter build submenu | 8 | |
| Enter hero's abilities submenu | 3 | |
| Give item / drop item | 2 | |
| Right click | 868 | |
| Select / deselect | 202 | |
| Select group hotkey | 628 | |
| Use ability | 111 | |
1943 total
» units
» upgrades
| Ranged Weapons | 2 | |
| Liquid Fire | 1 | |
| Ensnare | 1 | |
| Reinforced Defenses | 1 | |
| Armor | 2 | |
7 total
» buildings
| Altar of Storms | 1 | |
| Orc Burrow | 4 | |
| Voodoo Lounge | 1 | |
| Stronghold | 2 | |
| War Mill | 1 | |
| Beastiary | 2 | |
| Fortress | 1 | |
| Watch Tower | 6 | |
18 total
» build order
00:08 Altar of Storms
00:15 Orc Burrow
00:55 Voodoo Lounge
02:07 Stronghold
02:07 Stronghold
02:22 Orc Burrow
02:23 Orc Burrow
02:23 Orc Burrow
02:41 War Mill
04:32 Beastiary
04:32 Beastiary
04:52 Fortress
15:53 Watch Tower
15:53 Watch Tower
15:53 Watch Tower
15:54 Watch Tower
21:21 Watch Tower
21:21 Watch Tower
» items
| Healing Salve | 2 | |
| Staff of Teleportation | 1 | |
| Dust of Appearance | 1 | |
| Scroll of Town Portal | 4 | |
| Lesser Clarity Potion | 2 | |
| Orb of Lightning | 1 | |
| Potion of Lesser Invulnerability | 1 | |
| Potion of Healing | 1 | |
13 total

»
Str8UpCleva (
yellow | 80 APM | 2696 actions | 33:50)
4 Keeper of the Grove
2 Entangling Roots
2 Thorns Aura
4 Priestess of the Moon
2 Trueshot Aura
2 Searing Arrows
» actions
| Assign group hotkey | 166 | |
| Basic commands | 200 | |
| Build / train | 101 | |
| ESC pressed | 3 | |
| Enter build submenu | 28 | |
| Enter hero's abilities submenu | 8 | |
| Give item / drop item | 7 | |
| Remove unit from queue | 2 | |
| Right click | 899 | |
| Select / deselect | 635 | |
| Select group hotkey | 525 | |
| Use ability | 122 | |
2696 total
» units
| Wisp | 16 | |
| Archer | 3 | |
| Huntress | 10 | |
| Druid of the Claw | 4 | |
| Dryad | 8 | |
| Chimaera | 1 | |
42 total
» upgrades
| Ultravision | 1 | |
| Strength of the Moon | 2 | |
| Moon Armor | 1 | |
| Improved Bows | 1 | |
| Sentinel | 1 | |
| Strength of the Wild | 3 | |
| Reinforced Hides | 3 | |
| Well Spring | 1 | |
| Druid of the Claw Training | 2 | |
| Abolish Magic | 1 | |
| Mark of the Claw | 1 | |
| Hardened Skin | 1 | |
| Resistant Skin | 1 | |
| Druid of the Talon Training | 2 | |
| Nature's Blessing | 1 | |
| Corrosive Breath | 1 | |
23 total
» buildings
| Altar of Elders | 1 | |
| Moon Well | 8 | |
| Ancient of War | 1 | |
| Ancient of Wonders | 2 | |
| Hunter's Hall | 1 | |
| Tree of Ages | 1 | |
| Ancient Protector | 1 | |
| Ancient of Wind | 1 | |
| Tree of Eternity | 1 | |
| Ancient of Lore | 2 | |
| Tree of Life | 2 | |
| Chimaera Roost | 3 | |
24 total
» build order
00:13 Altar of Elders
00:21 Moon Well
00:45 Ancient of War
01:25 Moon Well
01:43 Ancient of Wonders
01:46 Ancient of Wonders
02:22 Hunter's Hall
03:25 Moon Well
04:06 Tree of Ages
06:08 Ancient Protector
08:53 Ancient of Wind
09:27 Moon Well
10:13 Tree of Eternity
11:23 Moon Well
12:54 Ancient of Lore
12:59 Ancient of Lore
13:53 Moon Well
15:59 Moon Well
21:32 Tree of Life
28:17 Chimaera Roost
28:25 Chimaera Roost
30:05 Chimaera Roost
30:06 Moon Well
30:42 Tree of Life
» items
| Lesser Clarity Potion | 7 | |
| Moonstone | 5 | |
| Dust of Appearance | 2 | |
| Potion of Healing | 3 | |
| Anti-magic Potion | 2 | |
| Scroll of Town Portal | 3 | |
22 total
Chat log
(00:10 / All) Shaq_Fu: Eli the rapper?
(00:17 / All) Str8UpCleva: UKNOWIT
(00:25 / All) Shaq_Fu: sheeeit ahh man you deed it
(00:30 / All) Str8UpCleva: LMAO
(01:47 / All) Shaq_Fu: this game is gayer than rosie odonnell at a bisexual bridal shower
(01:54 / All) PS4-PWN-PC: cleveland browns should draft sekhon barkley. definitely not a white quarterback
(01:58 / All) Str8UpCleva: ahahahaha
(02:03 / All) Shaq_Fu: have a bunch of peasants selected only one wants to build all builds
(03:44 / All) PS4-PWN-PC: orange mh?
(03:52 / All) Str8UpCleva: ???
(04:10 / All) PS4-PWN-PC: archer die
(04:49 / All) whateverk: ??
(05:02 / Allies) PS4-PWN-PC: wood niggas
(05:07 / Allies) PS4-PWN-PC: getting bats and taking a shit
(05:36 / Allies) PS4-PWN-PC: back off them yellow im gonna bathroom for 1 min
(05:54 / Allies) Str8UpCleva: 2 here
(05:59 / Allies) PS4-PWN-PC: purple help them or pink
(07:45 / All) PS4-PWN-PC: red back off and creep nigger wtf
(07:53 / All) TheOne&Only: reported
(08:14 / All) PS4-PWN-PC: its socially acceptable to call people niggers
(08:18 / All) PS4-PWN-PC: niggers are racist against whites
(08:31 / All) Trapezium: you gonna get banned trash
(08:35 / Allies) Str8UpCleva: 2 here
(08:38 / All) TheOne&Only: noyou
(08:51 / All) PS4-PWN-PC: kodo #1
(09:03 / All) TheOne&Only: kodo is garabe
(09:08 / All) Trapezium: grubby #1
(09:10 / All) PS4-PWN-PC: mugaro #1??
(09:12 / All) Trapezium: grubby > kodos
(10:48 / All) PS4-PWN-PC: kodo #1 bitch red
(11:00 / Allies) Morp: any gold for me by chance
(11:05 / Allies) Morp: he got my acos and slowly recovering
(12:18 / All) PS4-PWN-PC: 2x dk is gay
(12:38 / Allies) Str8UpCleva: bb
(12:48 / All) PS4-PWN-PC: red mH???
(12:53 / Allies) Shaq_Fu: yeah 4v3 games 2 ud with dks always wins
(12:59 / Allies) Shaq_Fu: mass fiend and 2 dk
(13:04 / Allies) PS4-PWN-PC: i took out OJ so i did my job
(13:50 / Allies) PS4-PWN-PC: scout
(15:30 / Allies) Morp: fiends and frosts
(15:40 / Allies) Str8UpCleva: cinme
(16:36 / Allies) Str8UpCleva: come
(16:37 / Allies) Str8UpCleva: now
(16:38 / Allies) Str8UpCleva: tp
(16:46 / Allies) Str8UpCleva: tp
(16:47 / Allies) Str8UpCleva: now
(17:07 / All) PS4-PWN-PC: nooob red
(17:10 / All) Shaq_Fu: thot I bought tp
(17:21 / Allies) PS4-PWN-PC: ignore blue
(17:23 / Allies) PS4-PWN-PC: hit red main
(18:17 / All) PS4-PWN-PC: ur expo is gonna die to my bats blue
(19:19 / Allies) Str8UpCleva: gold?
(19:23 / Allies) Morp: def not
(19:25 / Allies) Morp: lol
(19:26 / All) PS4-PWN-PC: noob red
(19:28 / Allies) Morp: wont give you guys shit
(19:41 / Allies) Str8UpCleva: purp gold plz?
(20:07 / All) Trapezium: ty for xp pink
(20:08 / Allies) PS4-PWN-PC: he hitting pink dont know hwy lawl
(20:15 / All) Trapezium: lol
(20:21 / All) PS4-PWN-PC: red mh??
(20:24 / Allies) PS4-PWN-PC: red has no ziggs
(20:51 / All) PS4-PWN-PC: you are dying by my hands, red
(20:54 / All) PS4-PWN-PC: i am your liegelord
(20:56 / All) PS4-PWN-PC: kodo #1
(21:30 / Allies) Shaq_Fu: run your bm there
(21:31 / All) PS4-PWN-PC: red be a good boy and leave ur base
(21:34 / Allies) Shaq_Fu: or red
(21:39 / Allies) Shaq_Fu: and I'll tp
(21:40 / Allies) Shaq_Fu: on you
(21:40 / All) TheOne&Only: suck my dick fagget
(21:45 / Allies) Shaq_Fu: put your bats there too
(22:45 / All) PS4-PWN-PC: red noob
(23:37 / All) PS4-PWN-PC: noob
(24:21 / All) TheOne&Only: |youre good virgin boy
(24:25 / All) TheOne&Only: mass more get laid
(24:26 / All) PS4-PWN-PC: red mad he bad
(24:28 / All) PS4-PWN-PC: lawl
(24:31 / All) Shaq_Fu: lol
(24:34 / All) Trapezium: I agree teal
(24:43 / All) Shaq_Fu: who was he talking to
(24:52 / All) PS4-PWN-PC: me i think
(24:52 / All) Shaq_Fu: I have 50 food lawl
(24:55 / All) Trapezium: ready to lose noobs?
(24:57 / All) PS4-PWN-PC: i was shit talking him all game
(25:05 / All) PS4-PWN-PC: blue didnt even have to stab
(25:17 / All) Trapezium: I have 100 wood
(25:30 / All) Trapezium: and my allies had 7k combined
(25:33 / All) Trapezium: but were asking for gold
(25:36 / All) Shaq_Fu: lalw
(25:49 / All) PS4-PWN-PC: i dont evne remember seeing pinks units allg ame
(25:51 / All) Morp: THX 4 THE WIN FAGGOT
(25:59 / All) Morp: YOU CAN HAZ THE XP DAWG
(26:25 / All) Trapezium: easy yellow
(26:30 / All) Str8UpCleva: Im trying to smoke
(26:37 / All) Str8UpCleva: take a chill pill
(26:57 / All) Trapezium: im on lots of chill pills bro
(26:59 / All) Trapezium: still beat u
(27:08 / All) Morp: lol
(27:27 / All) Str8UpCleva: Im not trying to have a whos more fucked up contest, I retired from those approx 10 years ago
(27:44 / All) Str8UpCleva: I mean that its literally hard to roll a joint while microing vs a bm
(27:46 / All) Str8UpCleva: Xd
(28:45 / Allies) Str8UpCleva: tp?
(28:59 / Allies) Shaq_Fu: pink is capable I think
(29:19 / Allies) Str8UpCleva: no more blood lust
(29:22 / Allies) Str8UpCleva: lets go dryads
(30:58 / Allies) Str8UpCleva: ?
(31:30 / Allies) Shaq_Fu: teal tk?
(31:45 / Allies) Shaq_Fu: he just killed my hero for some reason
(31:49 / Allies) Morp: does everyone whom plays this game is a retarded child lol?
(32:14 / Allies) Str8UpCleva: gogogo
(32:30 / Allies) Str8UpCleva: purp
(32:31 / Allies) Str8UpCleva: plz come
(32:31 / Allies) Morp: its gg
(32:33 / Allies) Morp: he will win
(32:34 / Allies) Str8UpCleva: gold me plz?
(32:38 / Allies) Morp: because you guys are literally retarded as fuck
(33:05 / All) Shaq_Fu: teal tking?
(33:33 / Allies) Str8UpCleva: what is purp doing
(33:36 / Allies) Str8UpCleva: dude
(33:38 / Allies) Morp: jacking off
(33:41 / Allies) Str8UpCleva: sigh
(33:43 / Allies) Morp: purp and teal stopped playing
(33:43 / Allies) Shaq_Fu: brb I gotta shit
(33:45 / Allies) Shaq_Fu: real quick
(33:46 / Allies) Morp: and they decided to troll
(33:50 / Allies) Morp: they prob know they other team
(36:00 / Allies) Shaq_Fu: wtf
(36:02 / Allies) Shaq_Fu: teal tking?
(36:07 / Allies) Morp: yes your friend is tking
(36:12 / Allies) Shaq_Fu: my friend?
(37:14 / Allies) Shaq_Fu: wtf is your problem
(37:28 / Allies) Shaq_Fu: stop[ dude
(38:01 / All) Shaq_Fu: gg we had a tk troll
(38:08 / All) Trapezium: easy
(38:15 / All) Trapezium: cuz u had 2 bad players
(38:19 / All) Trapezium: you were only good player
(38:24 / All) Morp: lol purp went literally afk for over ten minutes
(38:27 / All) Shaq_Fu: ty it sucks when tks ruin the game
(38:27 / All) Morp: and teal tked
(38:32 / All) Trapezium: he did more than get raped by me pink
(38:36 / All) Morp: you werent hard blue no one came to back me up is all
(38:40 / All) Morp: grats you stupid nigger
(38:48 / All) Morp: less than ten games totally played ever
(38:51 / All) Trapezium: yea you need backup against 1 player
(38:52 / All) Shaq_Fu: I'm killing my base adn then I'm leaving
(38:53 / All) Morp: how did i last so long?
(38:54 / All) Shaq_Fu: fuck trolls
(38:55 / All) Trapezium: pathetic
(38:57 / All) Morp: how did you not kill me faster?
(39:00 / All) Trapezium: I didn't bring my allies either son
(39:03 / All) Morp: 5 games total ever
(39:07 / All) Morp: you are shitty as fuck
(39:20 / All) Trapezium: make more excuses son
(39:26 / All) Trapezium: but I don't want to hear them
(39:34 / All) Morp: lol
(39:40 / All) Morp: whats your name and phone number lets talk
(39:42 / All) Morp: dawg
(39:44 / All) Trapezium: I'm on a dozen chill pills and still beat you
(39:58 / All) Trapezium: I'm on 300 mg trapezium
(40:35 / All) Trapezium: "beat you on trapezium bro
(40:43 / All) Trapezium: how is it feel right now?
(40:50 / All) Trapezium: let's both reported pink to blizzard
(40:51 / All) Trapezium: for his tk
(40:58 / All) Morp: teal was on your friends list purple lol
(41:00 / All) Trapezium: you gonna get banned pink
(41:01 / All) Shaq_Fu: how am I a tk troll? TEAL ATTACKED ME
(41:11 / All) Morp: k blue
(41:45 / All) Trapezium: mirror image getting big buff next patch
(41:45 / All) Shaq_Fu: I'm reporting teal
(41:47 / All) Morp: took you a long time to beat a person on their fifth ever game and i imagine your loser ass played for like 10 years.
(41:48 / All) Trapezium: excited for it to be useful
(41:49 / All) Shaq_Fu: you guys should do the same
(41:55 / All) Morp: its why your not doing 1s
(41:56 / All) Morp: trash
(41:58 / All) Trapezium: I told you pink I'[m on trapezium
(42:02 / All) Trapezium: and still beat you
(42:11 / All) Shaq_Fu: lets stats
(42:19 / All) Trapezium: trapezium is a geometric shape
(42:24 / All) Trapezium: but he didn't know what it was
(42:28 / All) Shaq_Fu: that wasn't pinks 5th ever game lawl
(42:37 / All) Trapezium: he practiced 100 hours in the campaign
(42:51 / All) Shaq_Fu: he had a standard UD build
(42:55 / All) Trapezium: like the guy who asked how to use all chat my last game
(43:10 / All) Shaq_Fu: red should lose I think
(43:13 / All) Shaq_Fu: SJW
(43:13 / All) Trapezium: k